[Event "*** SCC Grand Prix: Titled Tuesday Blitz"]
[Site "Chess.com"]
[Date "2020.07.14"]
[Round "1"]
[White "Sibelephant"]
[Black "Vladislav_Chizhikov"]
[Result "1-0"]
[WhiteElo "3141"]
[BlackElo "2455"]
[TimeControl "180+1"]
[EndTime "10:06:44 PDT"]
[Termination "Sibelephant won on time"]

1. c4 c5 2. Nc3 Nc6 3. Nf3 g6 4.
e3 Bg7 5. d4 d6 6. d5 Nb8 7. e4 a6 8. Be2 Nf6 9. O-O O-O 10. a4 e6 11. a5 exd5 12. cxd5 Re8 13. Nd2 Nbd7 14. Re1 b5 15. axb6 Qxb6 16. Nc4 Qc7 17.
Bf4 Bf8 18. Qc2 Rb8 19. h3 Rb4 20. Bf1 Ne5 21. Nxe5 dxe5 22. Bg5 Qd6 23. Nb1 Nd7 24. Nd2 Qb8 25. b3 Rb6 26. Ra4 Bd6 27. Rea1 Nf8 28. Bxa6 Bd7 29. Ra5 f5 30. Bd3 Rb4 31. exf5 gxf5 32.
Bxf5 Bxf5 33. Qxf5 Ng6 34. Ra7 Rf8 35. Qe6+ Kh8 36.
Bf6+ 1-0

[Event "*** SCC Grand Prix: Titled Tuesday Blitz"]
[Site "Chess.com"]
[Date "2020.07.14"]
[Round "1"]
[White "Saylormoon"]
[Black "DaggiGretarsson"]
[Result "0-1"]
[WhiteElo "2296"]
[BlackElo "2605"]
[TimeControl "180+1"]
[EndTime "10:06:44 PDT"]
[Termination "DaggiGretarsson won by resignation"]

1. e4 g6 2. d4 Bg7 3. Nc3 d6 4. Bg5 a6 5. a4 b6 6. Qd2 Nd7 7. h4 Bb7 8. h5 h6 9. hxg6 hxg5 10. Rxh8 Bxh8 11. gxf7+ Kxf7 12. Qxg5 Bxd4 13. Bc4+ e6 14. Qh5+ Kg7 15. Bxe6 Bxc3+ 16. bxc3 Qf6 17. Qg4+ Kh8 18. O-O-O Ne5 19. Qh3+ Qh6+ 20. f4 Qxh3 21. Nxh3 Ng6 22. f5 Ne5 23. Ng5 Nf6 24. Rh1+ Kg7 25. Rh3 Rh8 26.
Rg3 Nh5 27. Re3 Kf6 28. Nh3 Rh7 29. Re1 Rg7 30. Re2 Ng3 31. Re3 Nxe4 32. Nf4 Rh7 33. Bd5 Rh1+ 34. Kb2 Nd2 0-1

[Event "*** SCC Grand Prix: Titled Tuesday Blitz"]
[Site "Chess.com"]
[Date "2020.07.14"]
[Round "1"]
[White "Omk124"]
[Black "okriak"]
[Result "0-1"]
[WhiteElo "2366"]
[BlackElo "2705"]
[TimeControl "180+1"]
[EndTime "10:06:45 PDT"]
[Termination "okriak won by checkmate"]

1. Nf3 d5 2. g3 Nf6 3. Bg2 Bf5 4. O-O e6 5. d3 Nbd7 6. Nbd2 c6 7. Re1 Bc5 8. c3 h6 9. e4 Bh7 10. e5 Ng8 11. d4 Bf8 12. b3 Ne7 13. Bb2 a5 14. a4 Nf5 15. h3 Be7 16. Qe2 O-O 17. g4 Nh4 18. Nxh4 Bxh4 19. Rf1 f5 20. exf6 Qxf6 21. Nf3 Rae8 22. Nxh4 Qxh4 23. f4 Nf6 24. Ba3 Rf7 25. Rae1 Be4 26. Qf2 Qxf2+ 27. Rxf2 Bxg2 28.
Rxg2 Ne4 29. Rf1 Nxc3 30. Rc2 Ne4 31. Bc1 Kh7 32. Kg2 g6 33. Re1 Ref8 34. Ba3 Rc8 35. Bc1 g5 36. fxg5 hxg5 37. Re3 Rcf8 38. Ba3 Rf2+ 39.
Rxf2 Rxf2+ 40. Kg1 Ra2 41. Be7 b5 42. axb5 cxb5 43.
h4 gxh4 44. Bxh4 a4 45. bxa4 bxa4 46. Be7 Rd2 47. Ba3 Rxd4 48. Kg2 Rd2+ 49. Kf3 Rf2# 0-1

[Event "*** SCC Grand Prix: Titled Tuesday Blitz"]
[Site "Chess.com"]
[Date "2020.07.14"]
[Round "1"]
[White "mamey78"]
[Black "OparinGrigoriy"]
[Result "0-1"]
[WhiteElo "2435"]
[BlackElo "2924"]
[TimeControl "180+1"]
[EndTime "10:06:46 PDT"]
[Termination "OparinGrigoriy won by resignation"]

1. e4 e5 2. Nf3 Nc6 3. Bb5 f5 4. d3 fxe4 5. dxe4 Nf6 6. Qd3 d6 7. Nc3 Be7 8. Bg5 O-O 9. O-O-O Kh8 10. h3 Be6 11. g4 Nd7 12. Bxe7 Qxe7 13. Qe3 Nc5 14.
Ng5 Nd4 15. Bd3 h6 16. Nxe6 Ncxe6 17. Nd5 Qf7 18. Rh2 c6 19. Nc3 Nf4 20. Kb1 Qe7 21. h4 Rf7 22. g5 h5 23. Ne2 Ndxe2 24. Bxe2 g6 25. Bc4 Rff8 26. f3 Rad8 27. Rhd2 Rd7 28. Qxa7 b5 29. Qxd7 Qxd7 30. Rxd6 Qh3 31. Bb3 Qxf3 32.
Rd7 Qxe4 33. a3 Nd5 34. Rd6 Kg7 35. Rxc6 Rd8 36. Rc7+ Kf8 37. Rf1+ Nf4 38. Rf7+ Ke8 39. Rg7 Qe2 40. Rc1 Rd1 0-1

[Event "*** SCC Grand Prix: Titled Tuesday Blitz"]
[Site "Chess.com"]
[Date "2020.07.14"]
[Round "1"]
[White "Gusarov91"]
[Black "Parkas"]
[Result "1-0"]
[WhiteElo "2663"]
[BlackElo "2343"]
[TimeControl "180+1"]
[EndTime "10:06:47 PDT"]
[Termination "Gusarov91 won on time"]

1. d4 g6 2. Nf3 Bg7 3. c4 d6 4. Nc3 e5 5. dxe5 dxe5 6. Qxd8+ Kxd8 7. Bg5+ f6 8. O-O-O+ Bd7 9. Bh4 Kc8 10. Nd5 c6 11. Nc3 Nh6 12. e3 Nf5 13. Ne4 Nxh4 14. Nxh4 Kc7 15.
Nf3 Be6 16. Nc5 Bf7 17. b3 b6 18. Ne4 Nd7 19. Be2 a5 20. Rd2 Rhd8 21. Rhd1 Nf8 22. g4 Ne6 23. h3 Rxd2 24. Nfxd2 Rd8 25. Ng3 Bf8 26. Kc2 Nc5 27. Nde4 Nxe4 28. Rxd8 Kxd8 29.
Nxe4 Be7 30. Ng3 Kc7 31. Bf3 Be6 32. Be4 Bb4 33. Ne2 Be1 34. f4 Kd6 35. Bd3 f5 36. gxf5 gxf5 37. fxe5+ Kxe5 38. Nd4 Bd7 39. Nf3+ 1-0

[Event "*** SCC Grand Prix: Titled Tuesday Blitz"]
[Site "Chess.com"]
[Date "2020.07.14"]
[Round "1"]
[White "BJthechessgod"]
[Black "chessplayer9919"]
[Result "0-1"]
[WhiteElo "2318"]
[BlackElo "2634"]
[TimeControl "180+1"]
[EndTime "10:06:47 PDT"]
[Termination "chessplayer9919 won by resignation"]

1. e4 c6 2. d4 d5 3. Nc3 dxe4 4. Nxe4 Bf5 5. Ng3 Bg6 6. h4 h6 7. Nf3 e6 8. Ne5 Bh7 9. Bc4 Nd7 10. Bf4 Qa5+ 11.
c3 Ngf6 12. Qe2 Nxe5 13. Bxe5 Qd8 14. Nh5 Nxh5 15. Qxh5 Bg6 16. Qg4 Qd7 17. h5 Bf5 18. Qe2 O-O-O 19. a4 Bd6 20. Bxg7 Rhg8 21. Bf6 Rxg2 22.
Bxd8 Qxd8 23. Qf3 Qg5 24. a5 a6 25. Rf1 Rh2 26. Bxa6 bxa6 27. Qxc6+ Bc7 28. Qxa6+ Kd8 29. Qa8+ Kd7 30. Qf3 Rh4 31. a6 Re4+ 32. Kd1 Bg4 33. Qxg4 Qxg4+ 34. f3 Qg2 35. Re1 Rxe1+ 36. Kxe1 Qg1+ 37.
Kd2 Qxa1 0-1

[Event "*** SCC Grand Prix: Titled Tuesday Blitz"]
[Site "Chess.com"]
[Date "2020.07.14"]
[Round "1"]
[White "politeplayer"]
[Black "CheckThis4"]
[Result "1-0"]
[WhiteElo "2204"]
[BlackElo "2502"]
[TimeControl "180+1"]
[EndTime "10:06:47 PDT"]
[Termination "politeplayer won by checkmate"]

1. e4 e6 2. d4 d5 3. exd5 exd5 4.
Nc3 Nf6 5. Nf3 Bg4 6. h3 Bh5 7. g4 Bg6 8. Ne5 Nbd7 9. h4 Nxe5 10. dxe5 d4 11. exf6 dxc3 12. Bb5+ c6 13. Qe2+ Kd7 14. Bf4 cxb5 15. O-O-O+ Kc6 16. Qf3+ Kb6 17. Rxd8 cxb2+ 18. Kxb2 Rxd8 19. Qc3 Bc5 20. fxg7 Rhe8 21. Bc7+ Kxc7 22. Qxc5+ Kb8 23. h5 Be4 24. Re1 Rc8 25.
Rxe4 Rxe4 26. Qxc8+ Kxc8 27. g8=Q+ Kd7 28. Qxf7+ Re7 29.
Qf5+ Kc7 30. Qc5+ Kd8 31. Qd6+ Rd7 32. Qf8+ Kc7 33. g5 a5 34. g6 hxg6 35. hxg6 b4 36. g7 a4 37. Qf4+ Kc6 38. g8=Q a3+ 39. Kc1 b5 40. Qc8+ Kb6 41. Qxd7 b3 42. Qfd6+ Ka5 43. Qa7# 1-0

[Event "*** SCC Grand Prix: Titled Tuesday Blitz"]
[Site "Chess.com"]
[Date "2020.07.14"]
[Round "1"]
[White "grandcoach"]
[Black "Lenyas66"]
[Result "0-1"]
[WhiteElo "2116"]
[BlackElo "2496"]
[TimeControl "180+1"]
[EndTime "10:06:48 PDT"]
[Termination "Lenyas66 won on time"]

1. e4 e6 2. Nf3 d5 3. e5 c5 4. b4 cxb4 5. a3 Nc6 6. axb4 Bxb4 7. c3 Ba5 8. d4 Nge7 9. Bd3 h6 10. O-O O-O 11. Bc2 Ng6 12. Qd3 Re8 13. h4 Nce7 14. h5 Nf8 15. Ba3 Bd7 16. g4 a6 17. Qe3 Bb5 18.
Rd1 Rc8 19. g5 Nf5 20. Bxf5 exf5 21. gxh6 Ne6 22. hxg7 f4 23. Qd2 Kxg7 24. Kh1 Kh6 25. Rg1 Rg8 26. Rxg8 Qxg8 27. Be7 Qg4 28. Nh2 Qxh5 29.
Na3 Bxc3 30. Qc2 Be2 31. Bf6 Bf3+ 32. Kg1 Rg8+ 0-1

[Event "*** SCC Grand Prix: Titled Tuesday Blitz"]
[Site "Chess.com"]
[Date "2020.07.14"]
[Round "1"]
[White "Semen_Khanin"]
[Black "lucachess49"]
[Result "1-0"]
[WhiteElo "2761"]
[BlackElo "2393"]
[TimeControl "180+1"]
[EndTime "10:06:49 PDT"]
[Termination "Semen_Khanin won by resignation"]

1. e4 e5 2. Nf3 Nc6 3. Bb5 a6 4. Ba4 Nf6 5. d3 d6 6. c4 g6 7. Nc3 Bg7 8. h3 O-O 9. O-O Be6 10. Nd5 Ne7 11. Bg5 Nfxd5 12. cxd5 Bd7 13. Rc1 Rc8 14. Bxd7 Qxd7 15. Qb3 b6 16. Bxe7 Qxe7 17. Rc6 f5 18. Rfc1 Bh6 19. R1c2 a5 20. Qc4 fxe4 21. dxe4 g5 22.
Rxc7 Rxc7 23. Qxc7 Qf6 24. Rc6 Qf4 25. Rxd6 Bg7 26.
Rd7 Qf6 27. Re7 h5 28. Re6 Qf4 29. Rg6 Rf7 30. Qc8+ Kh7 31. Rxg5 Qxe4 32. Rxh5+ Kg6 33. Qe6+ Rf6 34. Qe8+ Rf7 35. Rg5+ 1-0

[Event "*** SCC Grand Prix: Titled Tuesday Blitz"]
[Site "Chess.com"]
[Date "2020.07.14"]
[Round "1"]
[White "gagtemp"]
[Black "kran900"]
[Result "0-1"]
[WhiteElo "1936"]
[BlackElo "2460"]
[TimeControl "180+1"]
[EndTime "10:06:49 PDT"]
[Termination "kran900 won by checkmate"]

1. e4 d5 2. exd5 Qxd5 3. Nf3 Nc6 4. Be2 Bg4 5. c4 Qd6 6. Nc3 O-O-O 7. O-O Bxf3 8. Bxf3 Nd4 9. b3 e5 10. Ne4 Qg6 11.
d3 f5 12. Ng3 Nh6 13. Bh5 Qf6 14. Bb2 g5 15. Be2 Bc5 16. Bxd4 Bxd4 17. Rc1 e4 18.
Qc2 e3 19. f3 Nf7 20. c5 c6 21.
b4 h5 22. Rfd1 h4 23. Nf1 f4 24. Rb1 h3 25. g4 fxg3 26. Nxg3 Ne5 27. Rf1 Qf4 28.
b5 cxb5 29. Rxb5 Nc6 30. Rfb1 Rh7 31. Qc4 Qf7 32. Qc2 g4 33. Rf1 gxf3 34. Rxf3 Qxf3 35. Bxf3 e2+ 36. Kh1 e1=Q+ 37. Nf1 Qxf1# 0-1

[Event "*** SCC Grand Prix: Titled Tuesday Blitz"]
[Site "Chess.com"]
[Date "2020.07.14"]
[Round "1"]
[White "tlomigtlis"]
[Black "crescentmoon2411"]
[Result "0-1"]
[WhiteElo "2426"]
[BlackElo "2859"]
[TimeControl "180+1"]
[EndTime "10:06:50 PDT"]
[Termination "crescentmoon2411 won by checkmate"]

1. d4 Nf6 2. c4 e6 3. Nc3 Bb4 4. Qc2 O-O 5. a3 Bxc3+ 6. Qxc3 b6 7. Bg5 Bb7 8. e3 h6 9. Bh4 d6 10. Ne2 Nbd7 11. Qc2 c5 12. Rd1 Qe7 13. Nc3 cxd4 14. Rxd4 Ne5 15. f3 Bxf3 16. gxf3 Nxf3+ 17. Kf2 Nxd4 18. exd4 Rfc8 19. Rg1 d5 20. Bd3 dxc4 21. Be4 Rab8 22. Bg3 b5 23. Bxb8 Rxb8 24. Qd2 Kf8 25. Qf4 Rd8 26. Nxb5 a6 27. Nc3 Rxd4 28. Ke3 e5 29.
Qg3 g5 30. h4 Nxe4 31. Nxe4 Rd3+ 32. Ke2 Rxg3 33. Rxg3 f5 34. Rf3 f4 35. hxg5 hxg5 36. Ng3 g4 37. Rf1 Qb7 38. Nh1 Qxb2+ 39. Ke1 c3 40. Nf2 Qd2# 0-1

[Event "*** SCC Grand Prix: Titled Tuesday Blitz"]
[Site "Chess.com"]
[Date "2020.07.14"]
[Round "1"]
[White "Mfcyryd"]
[Black "silverback96"]
[Result "0-1"]
[WhiteElo "2525"]
[BlackElo "2228"]
[TimeControl "180+1"]
[EndTime "10:06:50 PDT"]
[Termination "silverback96 won by resignation"]

1. e4 e6 2. d4 d5 3. exd5 exd5 4. Nf3 Bd6 5. Bd3 Nc6 6. O-O Bg4 7. c3 Nge7 8. Re1 Qd7 9. a4 f6 10. Nbd2 O-O-O 11. a5 Rde8 12. b4 g5 13. b5 Nd8 14.
Ba3 h5 15. b6 Kb8 16. bxc7+ Qxc7 17. Bxd6 Qxd6 18. Qb3 h4 19. c4 Bxf3 20. Nxf3 g4 21. Nd2 g3 22. fxg3 hxg3 23. c5 Qf4 24. Nf3 Rxh2 25.
Rab1 Reh8 26. Kf1 Nf5 27. Bxf5 Qxf5 28. Rb2 Rh1+ 29. Ke2 Re8+ 30. Kd2 Rhxe1 31. Nxe1 Qf2+ 32. Kc3 Qxe1+ 33. Kc2 Re2+ 34. Kd3 Re3+ 35. Kc2 Rxb3 36. Rxb3 Qf2+ 0-1

[Event "*** SCC Grand Prix: Titled Tuesday Blitz"]
[Site "Chess.com"]
[Date "2020.07.14"]
[Round "1"]
[White "econpower"]
[Black "DishonorOnYourCow"]
[Result "1-0"]
[WhiteElo "2664"]
[BlackElo "2343"]
[TimeControl "180+1"]
[EndTime "10:06:51 PDT"]
[Termination "econpower won by resignation"]

1. c4 e5 2. g3 Nc6 3. Bg2 Bc5 4. Nc3 d6 5. e3 a6 6. Nge2 Ba7 7. O-O h5 8. h3 h4 9. g4 f5 10. gxf5 Bxf5 11. d3 Qd7 12. Kh2 g5 13. e4 Be6 14.
Bxg5 Nge7 15. Nd5 Bxd5 16. cxd5 Nd4 17. Nxd4 Bxd4 18. Bf3 Ng6 19. Bg4 Qf7 20. Be6 Qg7 21. Qa4+ b5 22. Qc2 c5 23. dxc6 Nf8 24. c7 Nxe6 25.
c8=Q+ Rxc8 26. Qxc8+ Kf7 27. Qd7+ Kf8 28. Qxe6 Qxg5 29.
Qxd6+ Ke8 30. Qe6+ Kf8 31. Qg4 Qf6 32. Rac1 Bxb2 33.
Rc8+ Ke7 34. Rc7+ Ke8 35. Qd7+ Kf8 36. Rc8+ 1-0

[Event "*** SCC Grand Prix: Titled Tuesday Blitz"]
[Site "Chess.com"]
[Date "2020.07.14"]
[Round "1"]
[White "Fischerev7"]
[Black "1977Ivan"]
[Result "0-1"]
[WhiteElo "2345"]
[BlackElo "2676"]
[TimeControl "180+1"]
[EndTime "10:06:52 PDT"]
[Termination "1977Ivan won on time"]

1. e4 d6 2. d4 Nf6 3. Bd3 e5 4. Nf3 exd4 5. Nxd4 g6 6. O-O Bg7 7. Nc3 O-O 8. Nf3 Re8 9. h3 Nbd7 10. Re1 Nc5 11. Bg5 h6 12. Bh4 Bd7 13. Nd5 Bc6 14.
c4 g5 15. Bg3 Nfxe4 16. Qc2 f5 17. Rad1 a5 18. Bf1 Qd7 19. Bh2 g4 20. hxg4 fxg4 21.
Nd4 Qf7 22. b3 Rf8 23. Bg3 Rae8 24. Bh4 g3 25. fxg3 Nf2 0-1

[Event "*** SCC Grand Prix: Titled Tuesday Blitz"]
[Site "Chess.com"]
[Date "2020.07.14"]
[Round "1"]
[White "TheNextLevelFan"]
[Black "vesalhamedinia"]
[Result "1-0"]
[WhiteElo "2533"]
[BlackElo "2202"]
[TimeControl "180+1"]
[EndTime "10:06:52 PDT"]
[Termination "TheNextLevelFan won by resignation"]

1. d4 d5 2. c4 e6 3. Nf3 Nf6 4. g3 Bb4+ 5. Bd2 Be7 6. Qc2 O-O 7. Bg2 Nbd7 8. O-O c6 9. Bf4 b6 10. Nbd2 Nh5 11. Be3 f5 12. cxd5 cxd5 13. Qc6 Ba6 14. Qxe6+ Kh8 15. Ne5 Nxe5 16. Qxe5 Bxe2 17. Rfe1 Bd3 18. Qxd5 Qxd5 19. Bxd5 Rac8 20. Bf3 Nf6 21. Bf4 Bb4 22. a3 Bxd2 23. Bxd2 Rc2 24. Rad1 Bc4 25. Bb4 Rc8 26. d5 a5 27. Bc3 Nd7 28. Re7 Nf6 29.
d6 Bb5 30. Bxf6 gxf6 31. d7 Rd8 32. Bh5 Kg8 33. Re8+ Kg7 34. Rxd8 1-0

[Event "*** SCC Grand Prix: Titled Tuesday Blitz"]
[Site "Chess.com"]
[Date "2020.07.14"]
[Round "1"]
[White "verdest"]
[Black "PauloCesarCosta_sad"]
[Result "1-0"]
[WhiteElo "2523"]
[BlackElo "2194"]
[TimeControl "180+1"]
[EndTime "10:06:52 PDT"]
[Termination "verdest won on time"]

1. d4 d5 2. c4 c6 3. Nf3 e6 4. e3 f5 5. Bd3 Nf6 6. O-O Bd6 7. b3 O-O 8. Ba3 Bxa3 9. Nxa3 Nbd7 10. Qc2 Ne4 11. Nb1 Ndf6 12. Nbd2 Nxd2 13. Qxd2 Ne4 14.
Bxe4 fxe4 15. Ne5 Bd7 16. Qe2 Be8 17. f3 exf3 18. Rxf3 Rxf3 19. Qxf3 Qe7 20. Rf1 Bg6 21. Nxg6 hxg6 22. e4 Rf8 23. Qxf8+ Qxf8 24. Rxf8+ Kxf8 25. cxd5 cxd5 26. e5 g5 27. Kf2 Kf7 28. Ke3 Kg6 29. g4 Kf7 30. Kd3 Ke7 31. Kc3 Kd7 32. Kb4 Kc6 33.
Ka5 g6 34. b4 a6 35. a4 Kc7 36. b5 axb5 37. Kxb5 b6 38. a5 bxa5 39. Kxa5 Kc6 40. Ka6 Kc7 41. Ka7 Kc8 42. Kb6 Kd7 43. Kb7 Ke8 44. Kc6 Ke7 45. Kc7 Ke8 46. Kd6 Kf7 47. Kd7 Kf8 48. Kxe6 Kg7 49. Kd7 Kf7 50. e6+ Kf8 51.
e7+ Kf7 52. e8=Q+ Kg7 53. Ke7 Kh7 54. Kf7 1-0

[Event "*** SCC Grand Prix: Titled Tuesday Blitz"]
[Site "Chess.com"]
[Date "2020.07.14"]
[Round "1"]
[White "Schandenfreude"]
[Black "pedro_nascimento85"]
[Result "1-0"]
[WhiteElo "2459"]
[BlackElo "1932"]
[TimeControl "180+1"]
[EndTime "10:06:52 PDT"]
[Termination "Schandenfreude won by resignation"]

1. Nf3 d5 2. b3 Nf6 3. Bb2 g6 4. e3 Bg7 5. c4 c6 6. Be2 O-O 7. O-O Bg4 8. h3 Bxf3 9. Bxf3 e6 10. d4 Nbd7 11. Nd2 Rc8 12. Rc1 Qa5 13. a3 Qc7 14. b4 Qd6 15. Qb3 e5 16. cxd5 Nxd5 17. Bxd5 cxd5 18.
dxe5 Bxe5 19. Nf3 Bxb2 20. Qxb2 Qf6 21. Qd2 Nb6 22. Rfd1 Rfd8 23. Qd4 Qxd4 24. Nxd4 Nc4 25. a4 Kg7 26. Ne2 Nb2 27. Rxc8 Rxc8 28. Ra1 Rc2 29. Nf4 Rd2 30. Ra2 g5 31. Nxd5 Rxd5 32. Rxb2 f5 33. Kf1 f4 34. Ke2 Kf6 35. Rd2 Re5 36. Rd7 Re4 37.
Rxb7 fxe3 38. fxe3 h5 39. a5 a6 40. Kd3 Re5 41.
Rb6+ Kf5 42. Rxa6 1-0

[Event "*** SCC Grand Prix: Titled Tuesday Blitz"]
[Site "Chess.com"]
[Date "2020.07.14"]
[Round "1"]
[White "Zarinur"]
[Black "Bacyanide"]
[Result "0-1"]
[WhiteElo "2025"]
[BlackElo "2472"]
[TimeControl "180+1"]
[EndTime "10:06:53 PDT"]
[Termination "Bacyanide won on time"]

1. e4 c6 2. d4 d5 3. exd5 cxd5 4. Bd3 Nc6 5. c3 Qc7 6. h3 g6 7. Nf3 Bf5 8. O-O Nf6 9. Na3 a6 10. Be3 Bxd3 11. Qxd3 Bg7 12. Nc2 O-O 13. Rac1 b5 14.
Nb4 a5 15. Nxc6 Qxc6 16. Ne5 Qb7 17. f4 b4 18. f5 bxc3 19. bxc3 Rac8 20. c4 dxc4 21.
Rxc4 Rxc4 22. Qxc4 Qd5 23. Qxd5 Nxd5 24. Bd2 a4 25.
fxg6 hxg6 26. Rc1 Rb8 27. Rc4 Rb2 28. Ba5 Bxe5 29. dxe5 Rxa2 30. Bb4 Rxg2+ 31. Kxg2 Ne3+ 32. Kf3 Nxc4 33. Ke4 a3 34. Bc3 e6 35. Kd3 Nb6 36. Kc2 Kh7 37. Kb3 Nd5 38. Ba1 Kh6 39. Kxa3 Kh5 40.
Kb3 Kh4 41. Kc4 Kxh3 42. Kc5 g5 43. Kd6 g4 44. Kd7 g3 45. Ke8 g2 46. Bd4 Kh2 47.
Kxf7 Nf4 48. Bb6 g1=Q 49. Bxg1+ Kxg1 50. Kf6 Kf2 51. Kg5 Kf3 0-1

[Event "*** SCC Grand Prix: Titled Tuesday Blitz"]
[Site "Chess.com"]
[Date "2020.07.14"]
[Round "1"]
[White "serhanberat_ozdemir"]
[Black "Firouzja2003"]
[Result "0-1"]
[WhiteElo "2454"]
[BlackElo "3073"]
[TimeControl "180+1"]
[EndTime "10:06:54 PDT"]
[Termination "Firouzja2003 won on time"]

1. e4 c5 2. Nf3 d6 3. d4 cxd4 4. Nxd4 Nf6 5. Nc3 Nc6 6. f3 e5 7.
Nb3 Be7 8. Be3 O-O 9. Qd2 a5 10.
Bb5 Be6 11. O-O-O Na7 12. Bxa7 Rxa7 13. a4 Qc7 14. Qe3 Raa8 15. Kb1 Rfd8 16. g4 d5 17.
exd5 Nxd5 18. Nxd5 Bxd5 19. h4 Rac8 20. Qe2 Bb4 21.
h5 Rd6 22. g5 Bxf3 23. Qxf3 Qxc2+ 24. Ka2 Rc3 25. Na1 Qxb2+ 26. Kxb2 Rxf3 27. Rxd6 Bxd6 28. Rd1 Ba3+ 29. Kc2 Be7 30. Rd7 Bxg5 31. Rxb7 g6 32. hxg6 hxg6 33. Nb3 e4 34. Nd4 Rf2+ 35. Ne2 f5 36.
Bc4+ Kh8 0-1

[Event "*** SCC Grand Prix: Titled Tuesday Blitz"]
[Site "Chess.com"]
[Date "2020.07.14"]
[Round "1"]
[White "profofchess"]
[Black "rududuyk"]
[Result "1-0"]
[WhiteElo "2479"]
[BlackElo "2079"]
[TimeControl "180+1"]
[EndTime "10:06:54 PDT"]
[Termination "profofchess won by resignation"]

1. e4 e6 2. d4 d5 3. Nc3 Nf6 4. Bg5 dxe4 5. Nxe4 Be7 6. Bxf6 gxf6 7. Nf3 a6 8. g3 f5 9. Nc3 b5 10. Bg2 Bb7 11.
O-O Bf6 12. Qe2 O-O 13. Rad1 Nd7 14. d5 e5 15. Nh4 Bxh4 16. gxh4 Qxh4 17. Qf3 f4 18.
Kh1 Kh8 19. Rg1 f5 20. Qh3 Qxf2 21. d6 f3 22. Bf1 c5 23. Nd5 Qxc2 24. Qxf3 Nf6 25.
Qg2 Rg8 26. Qxc2 Nxd5 27. Rxd5 Bxd5+ 28. Bg2 e4 29. Qc3+ Rg7 30. Qe5 Bb7 31. d7 Rg8 32. h3 e3 33. Bxb7 1-0

[Event "*** SCC Grand Prix: Titled Tuesday Blitz"]
[Site "Chess.com"]
[Date "2020.07.14"]
[Round "1"]
[White "Shushik"]
[Black "Meri-Arabidze"]
[Result "0-1"]
[WhiteElo "2227"]
[BlackElo "2561"]
[TimeControl "180+1"]
[EndTime "10:06:55 PDT"]
[Termination "Meri-Arabidze won by checkmate"]

1. e4 c5 2. Nf3 e6 3. d4 cxd4 4. Nxd4 Nc6 5. Nc3 a6 6. Be3 Qc7 7. Qf3 Nf6 8. Qg3 Qxg3 9. hxg3 Bb4 10. f3 d5 11. Nxc6 bxc6 12. e5 Nd7 13. a3 Bxc3+ 14.
bxc3 Nxe5 15. Bd4 f6 16. g4 Ng6 17. Bd3 O-O 18. Kf2 e5 19. Bc5 Rf7 20. Rh2 f5 21. gxf5 Bxf5 22. Rah1 h6 23. g4 Bxd3 24. cxd3 Nf4 25.
Ke3 Ne6 26. Bd6 Ng5 27. Rf2 Re8 28. Rb1 Re6 29. Bb8 Ref6 30. Rbf1 Re6 31. Rb1 c5 32. a4 d4+ 33. cxd4 exd4+ 34. Kd2 Rxf3 35. Rbf1 Ree3 36. Rxf3 Nxf3+ 37. Kc2 Ne1+ 38. Kd2 Nxd3 39. Bd6 c4 40. Rf8+ Kh7 41. Rc8 c3+ 42. Rxc3 dxc3+ 43. Kxe3 c2 44. Ba3 c1=Q+ 45. Bxc1 Nxc1 46. Kd4 g6 47. Kc4 h5 48. gxh5 gxh5 49. Kb4 h4 50. Ka5 h3 51. Kxa6 h2 52. a5 h1=Q 53. Kb6 Qg1+ 54. Kb7 Qg2+ 55. Kb6 Qf2+ 56. Kb7 Qf3+ 57. Kb6 Qe3+ 58. Kb7 Qe4+ 59. Kb6 Qb4+ 60. Ka6 Nb3 61. Ka7 Nxa5 62. Ka6 Nc4 63. Ka7 Nd6 64. Ka6 Qb5+ 65. Ka7 Qb7# 0-1

[Event "*** SCC Grand Prix: Titled Tuesday Blitz"]
[Site "Chess.com"]
[Date "2020.07.14"]
[Round "1"]
[White "deribas12345"]
[Black "chessfrendz"]
[Result "1-0"]
[WhiteElo "2586"]
[BlackElo "2274"]
[TimeControl "180+1"]
[EndTime "10:06:56 PDT"]
[Termination "deribas12345 won on time"]

1. d4 d5 2. Nf3 Nf6 3. c4 e6 4. e3 Be7 5. Nc3 O-O 6. Be2 dxc4 7. Bxc4 a6 8. O-O b5 9. Be2 Bb7 10. a4 b4 11. Nb1 Nbd7 12. Nbd2 c5 13. b3 cxd4 14.
Nxd4 Qb8 15. Bb2 Rd8 16. Nc4 Nc5 17. Bf3 e5 18. Bxb7 Nxb7 19. Nb6 exd4 20. Nxa8 dxe3 21. Qe2 Qxa8 22. Qxe3 Bc5 23. Qg3 Bd4 24. Bxd4 Rxd4 25.
Rad1 Rxd1 26. Rxd1 h6 27. Qc7 Ne8 28. Qe7 Qc8 29.
Qxb4 Nbd6 30. h3 Qc6 31. Qb8 Kf8 32. Qb4 g6 33. Qd4 Kg8 34. a5 h5 35. b4 Qc2 36.
Re1 Qc6 37. Qc5 Qd7 38. Rd1 Qe6 39. Qc6 Nb5 40. Qa8 1-0

[Event "*** SCC Grand Prix: Titled Tuesday Blitz"]
[Site "Chess.com"]
[Date "2020.07.14"]
[Round "1"]
[White "MomchilPetkov"]
[Black "Ze-Pequeno"]
[Result "1-0"]
[WhiteElo "2575"]
[BlackElo "2250"]
[TimeControl "180+1"]
[EndTime "10:06:56 PDT"]
[Termination "MomchilPetkov won on time"]

1. e4 c5 2. Nf3 d6 3. d4 cxd4 4. Nxd4 Nf6 5. Nc3 a6 6. Bg5 e6 7.
f4 Qb6 8. Qd2 Qxb2 9. Rb1 Qa3 10. f5 Nc6 11. fxe6 fxe6 12. Nxc6 bxc6 13. Bd3 Be7 14. e5 dxe5 15. O-O O-O 16. Qe1 Qd6 17. Ne4 Nxe4 18. Qxe4 g6 19. Bxe7 Qxe7 20. Rxf8+ Qxf8 21. Qxc6 Ra7 22. Rb8 Rb7 23. Rxb7 Bxb7 24. Qxb7 Qc5+ 25.
Kf1 Qe3 26. Qa8+ Kg7 27. Qe4 Qc1+ 28. Kf2 Qb2 29. a4 a5 30. h4 1-0

[Event "*** SCC Grand Prix: Titled Tuesday Blitz"]
[Site "Chess.com"]
[Date "2020.07.14"]
[Round "1"]
[White "MuradNuri"]
[Black "Annawel"]
[Result "0-1"]
[WhiteElo "2441"]
[BlackElo "2972"]
[TimeControl "180+1"]
[EndTime "10:06:57 PDT"]
[Termination "Annawel won by resignation"]

1. e4 c5 2. Nf3 d6 3. d4 cxd4 4.
Nxd4 Nf6 5. Nc3 a6 6. Nb3 e6 7. g4 b5 8. g5 b4 9. Na4 Nxe4 10.
Qd4 d5 11. Nb6 Nc6 12. Qe3 Rb8 13. Nxc8 Qxc8 14. Bd3 Nd6 15. Nc5 Nc4 16. Bxc4 dxc4 17.
O-O Be7 18. Rd1 O-O 19. Ne4 Rb5 20. Qe2 Rd5 21. Be3 Rfd8 22. Re1 Nd4 23. Qg4 e5 24.
Qg2 Qf5 25. Bxd4 Rxd4 26. c3 bxc3 27. bxc3 Rd3 28. Rab1 Bf8 29. a4 a5 30. h4 Qf4 31.
h5 h6 32. g6 Qf5 33. Ng3 Qe6 34. gxf7+ Qxf7 35. Rb7 Qf4 36. Re4 Rd1+ 37. Kh2 Qf6 38. Rxc4 R8d2 39. Ne4 Qh4+ 40. Qh3 Rh1+ 0-1

[Event "*** SCC Grand Prix: Titled Tuesday Blitz"]
[Site "Chess.com"]
[Date "2020.07.14"]
[Round "1"]
[White "rasmussvane"]
[Black "SharapovEvgeny"]
[Result "1-0"]
[WhiteElo "2886"]
[BlackElo "2431"]
[TimeControl "180+1"]
[EndTime "10:06:57 PDT"]
[Termination "rasmussvane won by resignation"]

1. Nf3 c5 2. c4 Nc6 3. Nc3 e5 4. e3 Nf6 5. d4 cxd4 6. exd4 e4 7. Ne5 Bb4 8. Be2 Qa5 9. Nxc6 dxc6 10. Bd2 Bxc3 11.
Bxc3 Qg5 12. g3 O-O 13. Qd2 Qg6 14. O-O Bg4 15. Rfe1 Rad8 16. Qf4 Rfe8 17. Bxg4 Qxg4 18. Qxg4 Nxg4 19. h3 Nf6 20. Re2 h5 21. Rae1 Kh7 22.
Kg2 Kg6 23. f3 exf3+ 24. Kxf3 Rxe2 25. Rxe2 Re8 26. Rxe8 Nxe8 27. Kf4 f6 28. Bb4 Nc7 29. Ke4 Ne6 30. Bd2 Kf7 31. Be3 Ke7 32. d5 cxd5+ 33.
cxd5 Nc7 34. Bxa7 Nb5 35. Bc5+ Kd7 36. a4 Nc7 37. b3 Na6 38. Bf8 g6 39. Kd4 Nc7 40.
Bc5 Na6 41. b4 Nc7 42. b5 Ne8 43. a5 Nc7 44. Kc4 g5 45. Bd4 f5 46. Be5 Ne8 47. Kc5 1-0

[Event "*** SCC Grand Prix: Titled Tuesday Blitz"]
[Site "Chess.com"]
[Date "2020.07.14"]
[Round "1"]
[White "Zubrrr"]
[Black "anon569"]
[Result "1-0"]
[WhiteElo "2639"]
[BlackElo "2320"]
[TimeControl "180+1"]
[EndTime "10:06:57 PDT"]
[Termination "Zubrrr won by resignation"]

1. d4 Nf6 2. c4 e6 3. g3 Bb4+ 4. Bd2 c5 5. Bxb4 cxb4 6. Bg2 O-O 7.
e4 d6 8. Ne2 e5 9. O-O Nc6 10.
Qd2 Re8 11. d5 Ne7 12. Qxb4 b6 13. Nd2 Ng6 14. Nc1 Qe7 15. Nd3 Nd7 16. Qc3 Nc5 17. Rae1 f5 18. exf5 Bxf5 19. Ne4 Nxd3 20. Qxd3 Rf8 21.
Qa3 Rad8 22. b3 Qd7 23. Ng5 Kh8 24. Ne6 Bxe6 25. dxe6 Qxe6 26. Qxa7 Rb8 27. f4 Qg4 28. f5 Qd4+ 29. Kh1 1-0